Description

Nothing new here, just built for personal use practicing timings with Overwolf.

It is a beginner's build aimed to be an efficient follow-up to economic damage from a 12 pool expand. Can be used defensively if opponent counters quickly, or as a roach timing attack around the 6 minutes mark with around 15-18 roaches with speed and +1 attack.

EDIT: For the sole purpose of achieving the strongest possible timing with roaches, take and saturate only one of the natural gases. The gas ramps up too high for no reason. This results in 2-3 more roaches to push with at around 6 minutes. It also speeds up the third expansion, which helps the macro transition if the timing fails.

Video is an example against AI and is in no way perfect, nor accurate given how stupid the AI is but is an example of the steps that lead to the push. Injects are missed here and there and larva sits sometimes when it could be used. Absolutely not a reference from the macro perspective, but just a general idea.

Replay - Lousy Example 12 Pool into Roach Wall-Off (vs AI)

Build Order

Get SALT Encoding   

  12  0:18  Spawning Pool  
  11  0:23  Drone x2  
  13  0:32  Drone  
  14  0:41  Overlord  
  14  1:07  Zergling x6  Send 12 lings to opponent natural, look for economic damage to gain a lead.
  17  1:18  Zergling x2  
  18  1:24  Hatchery  
  17  1:29  Zergling x2  
  18  1:39  Zergling x2  
  19  1:47  Queen  
  19  1:51  Drone  
  22  1:56  Extractor  
  21  2:01  Overlord  
  21  2:11  Drone  
  22  2:23  Queen  Send first Queen down to natural to be ready to inject
  22  2:24  Drone  
  25  2:33  Drone x2  
  27  2:44  Queen  On maps with large entry points, need 1 tumor to properly wall-off.
  27  2:50  Drone  
  30  2:55  Drone  
  34  3:15  Overlord x2  
  38  3:45  Lair  Lair can be taken as late as 4:00 to be ready for roach speed
  40  4:00  Evolution Chamber  
  39  4:01  Evolution Chamber  
  40  4:10  Extractor x2  Take both natural gases, saturate one immediately and the other with new drones.
  42  4:15  Roach Warren  
  44  4:26  Zerg Missile Weapons Level 1  
  50  4:55  Overlord x2  
  50  5:00  Glial Reconstitution  
  50  5:08  Roach  Roaches up to 80+ supply, push with speed and +1
  52  5:19  Roach x6  
  64  5:25  Hatchery  
  64  5:27  Roach x2  
  68  5:41  Roach  
  81  6:00  Queen  For your third expansion
Spawning Tool Build Advisor. Get it on Overwolf

Analysis

The goal of the timing is to attack really early with 12 lings, doing as much economic damage as possible by either killing workers or denying an expand.

In ZvZ if facing a 12 pool, turn back and transition immediately as your opponent will have defender's advantage and will most likely win the engagement and overwhelm you with a counter if he goes all-in. In such cases, consider defensive banes and/or spines, because you probably will not have time to wall off before the counter happens unless you sacrifice too much on your economy to build the wall.

Go to:

Details

  • Created by: ParkwayDMD  
  • Published on: May 15, 2019
  • Modified on: Feb 05, 2020
  • Patch: 4.7.1
Show
View Real Time Build Order
Export as new Build Order

Comments (0)

There are no comments. Be the first!

Create an account to comment!